Construct Section Command Post
Selects Air and Sea Battlegroup
Construct Field Infirmary
Construct Platoon Command Post
Unlock M3 Stuart Light Tanks
Selects Commando Section Paradrop
Commando Section Paradrop
6-pounder Anti-tank Gun Team
Selects Commando LMG Section Paradrop
Commando LMG Section Paradrop
Construct Company Command Post
Selects Centaur Medium Tank
Selects Naval Bombardment
Unlock M3 Grant Medium Tanks
Commando LMG Section Paradrop
Selects Anti-tank Rocket Loiter